 Dungeon Crawl Stone Soup version 0.29.1-12-g30fa7ad0bf (webtiles) character file.

Game seed: 14416326954787162197

44 FaviusArthum the Grave Robber (level 3, -2/19 HPs)
             Began as a Deep Elf Necromancer on Jan 6, 2023.
             Killed by divine providence
             ... invoked by an orc priest
              (12 damage)
             ... on level 3 of the Dungeon.
             The game lasted 00:08:54 (1707 turns).

FaviusArthum the Grave Robber (DENe)                Turns: 1707, Time: 00:08:54

Health: -2/19      AC:  4    Str:  5    XL:     3   Next: 39%
Magic:  9/10       EV: 12    Int: 21    God:
Gold:   36         SH:  0    Dex: 15    Spells: 5/9 levels left

rFire   . . .      SeeInvis .   f - +1 mace (vorpal)
rCold   . . .      Faith    .   (no shield)
rNeg    . . .      Spirit   .   g - +0 leather armour
rPois   .          Reflect  .   o - +0 hat
rElec   .          Harm     .   (no cloak)
rCorr   +          Rampage  .   (no gloves)
Will    .....                   m - +0 pair of boots
Stlth   +.........              (no amulet)
HPRegen 0.06/turn               h - ring of resist corrosion
MPRegen 0.12/turn               (no ring)

@: silenced
A: no striking features
a: no special abilities


You were on level 3 of the Dungeon.
You visited 1 branch of the dungeon, and saw 3 of its levels.

You collected 76 gold pieces.
You spent 40 gold pieces at shops.

Inventory:

Hand Weapons
 e - a +0 dagger
 f - a +1 vorpal mace (weapon)
 r - a +0 battleaxe
Armour
 a - a +0 robe
 g - a +0 leather armour (worn)
 i - a +0 cloak
 m - a +0 pair of boots (worn)
 o - a +0 hat (worn)
Jewellery
 h - a ring of resist corrosion (left hand)
Scrolls
 c - a scroll of immolation
 j - a scroll of identify
 k - 2 scrolls of vulnerability
 q - a scroll of enchant armour
 s - a scroll of poison
Potions
 b - a potion of magic
 d - 2 potions of attraction {unknown}
 n - 2 potions of heal wounds {unknown}
 p - a potion of flight {unknown}


   Skills:
 + Level 0.2 Armour
 + Level 2.7 Dodging
 + Level 2.7 Stealth
 + Level 3.6 Spellcasting
 + Level 5.6 Necromancy


You had 5 spell levels left.
You knew the following spells:

 Your Spells              Type           Power      Damage    Failure   Level
a - Necrotise             Necr           100%       1d9       1%          1
b - Vampiric Draining     Necr           27%        2d7       6%          3

Your spell library contained the following spells:

 Spells                   Type           Power      Damage    Failure   Level
 Animate Dead             Necr           27%        N/A       21%         4
 Apportation              Tloc           6%         N/A       22%         1
 Summon Small Mammal      Summ           12%        N/A       22%         1
 Agony                    Necr           27%        N/A       50%         5
 Conjure Flame            Conj/Fire      3%         6-21      54%         3
 Ignite Poison            Fire/Tmut/Pois 3%         N/A       54%         3
 Sticky Flame             Conj/Fire      3%         2d3       91%         4


Dungeon Overview and Level Annotations

Branches:
Dungeon (3/15)

Altars:

Shops:
D:3 ?

Annotations:
D:3 3 runed translucent doors, opiumtea's ghost, amateur GnTm


Message History

HP restored.
An orc priest comes into view. It is wielding a +0 short sword.
The orc priest shouts!
You hear a shout!
An orc comes into view. It is wielding a +0 mace.
An orc comes into view. It is wielding a +0 whip.
Casting: Necrotise (safe; 1% risk of failure)
Confirm with . or Enter, or press ? or * to list all spells.
Aiming: Necrotise (safe; 1% risk of failure)
Press: ? - help, Shift-Dir - straight line, f - orc priest
Aim: an orc priest, wielding a +0 short sword (ally target, chance to affect: 83%)
Okay, then.
You can't see any enemies this would affect, really read the scroll of silence?
Okay, then.
An orc comes into view. It is wielding a +0 short sword.
The orc priest invokes the aid of Beogh against you.
Beogh smites you!
Casting: Necrotise (safe; 1% risk of failure)
Confirm with . or Enter, or press ? or * to list all spells.
Aiming: Necrotise (safe; 1% risk of failure)
Press: ? - help, Shift-Dir - straight line, f - orc priest
Aim: an orc priest, wielding a +0 short sword (ally target, chance to affect: 83%)
The orc priest writhes in agony!
As you read the scroll of silence, it crumbles to dust.
A profound silence engulfs you. The orc priest barely misses you.
You swap places.
Your bat skeleton hits the orc priest. x2
Your bat skeleton barely misses the orc.
You cannot cast spells when silenced!
Your bat skeleton hits the orc. x2
The orc priest calls upon Beogh to heal the orc.
The orc's wounds heal themselves!
Your bat skeleton hits the orc.
Your bat skeleton closely misses the orc.
Your bat skeleton hits the orc.
The orc barely misses your bat skeleton.
Your bat skeleton crumbles into dust!
The orc priest mumbles some strange prayers to Beogh against you.
Beogh smites you!
Ouch! That really hurt!
You die...

### #.##########
#...@..ooo.#
#.######o....# #.#
#.#.# #.# # #.# #.#
#. #.# # #.# #.#
#.#.#.#### ###
######.######.#.#....
...


You could see an orc priest and 3 orcs.

Vanquished Creatures
  A dart slug (D:2)
  An orc (D:3)
  4 bats
  3 endoplasms
  3 giant cockroaches (D:2)
  5 hobgoblins
  3 quokkas
  4 ball pythons
  3 goblins
  3 kobolds
  2 rats
32 creatures vanquished.

Vanquished Creatures (collateral kills)
  A dart slug (D:2)
  A hobgoblin (D:1)
2 creatures vanquished.

Grand Total: 34 creatures vanquished

Notes
Turn   | Place    | Note
-------+----------+-------------------------------------------
     0 | D:1      | FaviusArthum the Deep Elf Necromancer began the quest for
                  | the Orb.
     0 | D:1      | Reached XP level 1. HP: 10/10 MP: 6/6
   172 | D:1      | Reached skill level 5 in Necromancy
   229 | D:1      | Found a faded altar of an unknown god.
   386 | D:1      | Reached XP level 2. HP: 15/15 MP: 8/8
   954 | D:2      | Reached XP level 3. HP: 13/19 MP: 7/9
   958 | D:2      | Learned a level 3 spell: Vampiric Draining
  1589 | D:3      | Found a runed translucent gate.
  1590 | D:3      | Found a runed translucent gate.
  1590 | D:3      | Found a runed translucent gate.
  1593 | D:3      | Noticed opiumtea's ghost (amateur GnTm)
  1601 | D:3      | Identified the +5 ring mail of True Grit {rF+ rC+++ Will+}
  1604 | D:3      | Found Vemmeug's Magic Scroll Boutique.
  1613 | D:3      | Bought a scroll of identify for 20 gold pieces
  1613 | D:3      | Bought a scroll of identify for 20 gold pieces
  1707 | D:3      | Killed from afar by an orc priest

Illustrated notes

Levels and vault maps discovered:
D:1:      psy_arrival_radial02, layout_loops_ring,
          chequers_ecumenical_altar_island
D:2:      layout_loops_cross
D:3:      layout_basic, serial_shops, shop, biasface_ghost_orc_armoury,
          cheibrodos_gnoll_hut

Skill      XL: |  1 |
---------------+----+-----
Necromancy     | 5 |  5.6
Armour         | |  0.2
Dodging        | |  2.7
Stealth        | |  2.7
Spellcasting   | |  3.6

Action                   || total
-------------------------++-------
Melee: Mace              ||    12
       Punch             ||     1
 Cast: Necrotise         ||    40
  Use: Scroll            ||     7
 Stab: Sleeping          ||     1
Armor: Leather armour    ||     5
Dodge: Dodged            ||    10
